cohdb
Replays
Latest Replays
All Replays
Popular Replays
Top Player Replays
Match Explorer
How It Works
Community
CoH3 Stats
Reddit
Sign in to upload your games and track your stats! →
Sign in with Steam
Match 44337404
Unlisted
Match 44337404
Overview
Messages
Build Orders
End
Kradschützen Motorcycle Team
Panzergrenadier Squad
Panzergrenadier Squad
Panzergrenadier Squad
Panzergrenadier Squad
Selects Italian Infantry
Selects Defensive Operations
Selects Guastatori Squad
Guastatori Squad
Construct Light Support Kompanie
2.5-tonne Medical Truck
Fire Support Elements
le.IG 18 Mechanized Group
Construct Panzerarmee Kommand
Panzer III L Medium Tank
Pak 38 Anti-tank Gun Team
Selects Territory Booby Traps
Selects Obice 305mm Barrage
Obice 305mm Barrage
Armored Reserves
Panzer III L Medium Tank
Flak 36 Anti-tank Gun Team
Panzer IV Assault Group
Obice 305mm Barrage
Panzerpioneer Squad
lucio valadares
robwarrior
0
0
Comments
sign in to comment!
No comments posted yet!